 Dungeon Crawl Stone Soup version 0.28.0-43-g3370ac3207 (webtiles) character file.

Game seed: 14952500223110284748

122714 MirrMurr the Spear-Bearer (level 16, 0/131 HPs)
             Began as a Demonspawn Berserker on Mar 19, 2022.
             Was an Elder of Trog.
             Killed from afar by a merfolk aquamancer (24 damage)
             ... with a torrent of water
             ... on level 3 of the Shoals on Mar 29, 2022.
             The game lasted 01:28:50 (52623 turns).

MirrMurr the Spear-Bearer (Demonspawn Berserker)   Turns: 52623, Time: 01:28:50

Health: 0/131      AC: 26    Str: 23    XL:     16   Next: 35%
Magic:  16/16      EV: 13    Int:  9    God:    Trog [****..]
Gold:   1940       SH: 16    Dex: 15    Spells: 15/15 levels left

rFire   + . .      SeeInvis +   a - +3 trident (venom)
rCold   . . .      Faith    .   Y - +0 tower shield
rNeg    . . .      Spirit   .   t - +0 plate armour
rPois   +          Reflect  .   (helmet unavailable)
rElec   .          Harm     .   O - +2 cloak
rCorr   .          Rampage  .   p - +0 pair of gloves
Will    ++...                   U - +0 pair of boots
Stlth   ..........              V - amulet of Propriety {Acrobat Will+ Stlth+}
HPRegen 0.31/turn               I - +4 ring of evasion
MPRegen 0.15/turn               T - ring of poison resistance

@: on berserk cooldown, slowed, very slow
A: antennae 3, molten scales 3, demonic magic 1
a: Renounce Religion, Berserk, Trog's Hand, Brothers in Arms


You were on level 3 of the Shoals.
You worshipped Trog.
Trog was greatly pleased with you.
You visited 4 branches of the dungeon, and saw 26 of its levels.
You visited 1 bazaar.
You also visited: Sewer.

You collected 3425 gold pieces.
You spent 1485 gold pieces at shops.

Inventory:

Hand Weapons
 a - a +3 trident of venom (weapon)
 b - a +0 hunting sling
 W - a +3 demon trident of venom
Missiles
 d - 745 stones
 j - 110 sling bullets
 m - 32 poisoned darts
 x - 24 boomerangs (quivered)
 C - 16 javelins
 H - 5 curare-tipped darts
 R - 5 silver javelins
 X - a silver boomerang
Armour
 p - a +0 pair of gloves (worn)
 t - a +0 plate armour (worn)
 O - a +2 cloak (worn)
 U - a +0 pair of boots (worn)
 Y - a +0 tower shield (worn)
Jewellery
 v - a ring of protection from fire
 E - an amulet of reflection
 I - a +4 ring of evasion (left hand)
 Q - a ring of resist corrosion
 T - a ring of poison resistance (right hand)
 V - the amulet of Propriety (around neck) {Acrobat Will+ Stlth+}
   (You acquired it in a bazaar)

   [amulet of the acrobat]

   It increases your evasion while moving and waiting.
   Will:      It increases your willpower.
   Stlth:     It makes you more stealthy.
 Z - a ring of flight
Wands
 k - a wand of iceblast (29)
 l - a wand of flame (47)
 y - a wand of acid (16)
 J - a wand of paralysis (27)
Scrolls
 f - a scroll of silence
 h - 5 scrolls of vulnerability
 i - 4 scrolls of identify
 r - a scroll of teleportation
 u - 3 scrolls of brand weapon
 w - a scroll of blinking
 z - 3 scrolls of fear
 B - 6 scrolls of fog
 G - 5 scrolls of immolation
 L - 2 scrolls of magic mapping
 S - a scroll of enchant weapon
Potions
 c - 7 potions of curing
 e - 7 potions of heal wounds
 g - 2 potions of magic
 n - 2 potions of invisibility
 o - 2 potions of berserk rage
 q - 5 potions of haste
 s - 5 potions of flight
 A - a potion of experience {unknown}
 D - 5 potions of might
 F - a potion of lignification
 K - 2 potions of cancellation
 N - 3 potions of mutation
 P - 3 potions of resistance


   Skills:
 + Level 13.6 Fighting
 - Level 14.0 Polearms
 + Level 8.1 Throwing
 + Level 12.3 Armour
 + Level 12.4 Dodging
 + Level 9.4 Shields


You had 15 spell levels left.
You didn't know any spells.
Your spell library was empty.

Dungeon Overview and Level Annotations

Branches:
Dungeon (15/15)            Temple (0/1) D:4            Lair (6/6) D:10
 Shoals (3/4) Lair:2        Snake (0/4) Lair:2        Slime (0/5) Lair:5
    Orc (2/2) D:9             Elf (0/3) Orc:2        Vaults (0/5) D:13
 Depths (0/4) D:15          Sewer (visited)

Altars:
Fedhas
Hepliaklqana
Kikubaaqudgha
Makhleb
Nemelex Xobeh
Okawaru
Qazlal
Trog
Vehumet
Xom
Yredelemnul
Beogh

Shops:
D:1 *   D:4 :   D:7 [?!   D:8 !   D:14 (   D:15 *   Orc:2 ??=(   Shoals:1 *

Annotations:
D:12 2 runed translucent doors, exclusion: orange crystal statue, Miritol's ghost, journeyman TeMo
D:14 3 runed translucent doors, hitsuchi's ghost, journeyman DsAK
Lair:4 1 runed translucent door, CInkIbrahim's ghost, journeyman OpAK
Shoals:1 2 transporters, CryoSword's ghost, adept HuSu
Shoals:2 Roxanne


Innate Abilities, Weirdness & Mutations

You have a pair of large antennae on your head. (SInv)
You are completely covered in molten scales. (AC +4, rF+)
Spells you cast may paralyse adjacent enemies.


Message History

The merfolk impaler hits you with a +3 demon trident of venom!
You hit the merfolk impaler.
The merfolk impaler looks as sick as possible!
The merfolk impaler is almost dead.
You kill the merfolk impaler!
Trog accepts your kill.
A merfolk aquamancer comes into view. It is wielding a +0 rapier.
The merfolk aquamancer shouts!
Items here: ( )))) [ †.
W - a +3 demon trident of venom The merfolk aquamancer gestures at you while chanting.
The shard of ice hits you!!
* * * LOW HITPOINT WARNING * * *
You fail to use your ability.
You impale the merfolk aquamancer!!
The merfolk aquamancer is moderately wounded.
The merfolk aquamancer hits you with a +0 rapier.
* * * LOW HITPOINT WARNING * * *
The merfolk aquamancer points at you and mumbles some strange words.
You block the torrent of water.
The wave splashes down.
Splash!
You fall into the shallow water.
Moving in this stuff is going to be slow.
You hear a shout! x5
Unknown command.
Unknown command.
As you read the scroll of summoning, it crumbles to dust.
Wisps of shadow whirl around you...
The merfolk aquamancer points at you and mumbles some strange words.
The shard of ice misses you.
Unknown command.
You closely miss the merfolk aquamancer.
The merfolk aquamancer is moderately wounded.
Your harpy misses the merfolk aquamancer.
Your harpy barely misses the merfolk aquamancer.
Your harpy claws the merfolk aquamancer!
Your harpy claws the merfolk aquamancer but does no damage.
The merfolk aquamancer points at you and mumbles some strange words.
The torrent of water hits you!!
You die...

≈≈≈≈...........###
≈..............≈..
≈≈≈≈.............≈..
≈≈≈≈≈≈≈..≈.......≈≈≈
≈≈≈≈≈≈≈......≈≈..≈≈≈
..≈≈≈≈..≈≈≈..≈≈≈≈≈≈≈
....≈..t≈HH..≈≈≈≈≈≈≈ ≈≈≈≈
......##≈mHH...≈≈≈≈≈≈≈≈≈≈≈
#...##@H≈....≈≈≈≈≈≈≈≈≈≈
#..)[≈≈....≈≈≈≈≈≈≈≈≈≈
##E.........≈≈≈≈≈≈≈≈≈
##..≈......≈≈≈≈≈≈≈≈≈
#..≈≈.≈≈≈≈≈≈≈≈≈≈≈≈≈
##...≈≈≈≈≈≈≈≈≈≈≈≈≈≈.
###....≈≈≈≈≈≈≈≈≈≈≈≈≈≈.
##...)...≈≈≈≈≈≈≈≈≈≈..≈≈
.###..≈..#......≈≈≈≈.....≈


You could see a merfolk aquamancer (ally target), a friendly snapping turtle
(summoned), a friendly water elemental (summoned) and 5 friendly harpies.

Vanquished Creatures
  Jorgrun (D:13)
  Rupert (D:13)
  Mlioglotl (Shoals:2)
  Gastronok (D:12)
  Kirke (D:12)
  Louise (Shoals:1)
  The ghost of Buiveh the Geomancer, a journeyman GrEE of Vehumet (Lair:6)
  Nessos (D:13)
  A dire elephant (D:15)
  A merfolk javelineer (Shoals:3)
  A fire dragon (D:14)
  3 rakshasas
  2 merfolk impalers
  4 merfolk avatars
  5 boulder beetles
  9 hydras
  6 centaur warriors
  7 ogre magi
  2 merfolk aquamancers (Shoals:3)
  5 death yaks
  10 two-headed ogres
  3 tengu warriors
  Sonja (Lair:1)
  Urug (Orc:1)
  Nergalle (D:12)
  A sea snake (Shoals:2)
  6 skeletal warriors
  A harpy (Lair:6)
  A wizard (D:13)
  5 deep elf pyromancers
  An orc knight (Orc:2)
  An oklob plant (Lair:3)
  8 orc sorcerers
  8 cyclopes
  15 elephants
  6 ugly things (D:14)
  3 merfolk sirens
  12 manticores
  6 fauns
  3 water nymphs
  A guardian serpent (Lair:2)
  2 black mambas
  12 cane toads
  5 gargoyles
  A naga mage (D:15)
  An ice statue (D:15)
  3 unseen horrors
  A kobold demonologist (D:9)
  10 rime drakes
  A freezing wraith (D:15)
  8 komodo dragons
  5 trolls
  10 merfolk
  4 polar bears
  A wolf spider simulacrum (D:14)
  3 wind drakes
  5 hornets
  A polar bear (shapeshifter) (D:10)
  3 slime creatures (D:12)
  11 blink frogs
  6 snapping turtles
  A spriggan (D:10)
  3 water elementals
  8 wyverns
  A vampire (D:11)
  5 shadows
  A basilisk (shapeshifter) (D:9)
  59 yaks
  4 wraiths
  5 vampire mosquitoes
  3 hogs (D:12)
  2 steam dragons
  Menkaure (D:4)
  3 wargs
  Duvessa (D:4)
  4 swamp worms (Lair:2)
  2 acid dragons
  17 water moccasins
  A floating eye (Orc:1)
  2 ice beasts (D:9)
  2 hornet zombies (D:7)
  12 orc warriors
  Pargi (D:4)
  A black bear (Lair:2)
  4 necrophages
  A sky beast (D:5)
  8 ogres
  10 wolves
  13 centaurs
  9 bullfrogs
  2 kobold brigands
  A scorpion (D:7)
  A wyvern zombie (D:7)
  A gnoll sergeant (D:11)
  A water moccasin zombie (D:3)
  Dowan (D:4)
  A water moccasin skeleton (D:6)
  9 killer bees (D:8)
  10 wights
  An electric eel (Lair:1)
  A howler monkey (D:9)
  9 centaur zombies
  5 hounds
  8 orc priests
  15 jellies
  A bullfrog skeleton (D:6)
  4 iguanas
  22 orc wizards
  2 killer bee zombies (D:7)
  A centaur simulacrum (D:9)
  3 mummies (D:7)
  4 howler monkey zombies
  7 gnolls
  4 adders
  A shadow imp (D:7)
  A howler monkey simulacrum (D:9)
  5 white imps
  An ufetubus (D:9)
  2 dart slugs (D:1)
  50 orcs
  12 bats
  10 endoplasms
  5 giant cockroaches
  7 goblins
  9 hobgoblins
  4 jackals (D:4)
  6 quokkas
  7 ball pythons
  2 frilled lizards
  10 kobolds
  7 rats
  A bush (Lair:3)
  2 tentacles (Shoals:1)
  A toadstool (D:2)
682 creatures vanquished.

Vanquished Creatures (collateral kills)
  An orange crystal statue (Shoals:2)
1 creature vanquished.

Vanquished Creatures (others)
  3 humans (D:12)
  3 orc wizards
  2 orcs
  2 foxfires (Shoals:2)
  43 fungi
  97 plants
  3 starspawn tentacles (Shoals:2)
  13 tentacles (Shoals:1)
  2 toadstools (D:2)
  6 withered plants (D:7)
174 creatures vanquished.

Grand Total: 857 creatures vanquished

Notes
Turn   | Place    | Note
-------+----------+-------------------------------------------
     0 | D:1      | MirrMurr the Demonspawn Berserker began the quest for the
                  | Orb.
     0 | D:1      | Reached XP level 1. HP: 18/18 MP: 1/1
   349 | D:1      | Found Munea's Assorted Antiques.
   353 | D:1      | Gained mutation: You have a pair of small antennae on your
                  | head. [demonic ancestry]
   353 | D:1      | Reached XP level 2. HP: 24/24 MP: 2/2
   424 | D:1      | Reached skill level 3 in Polearms
   791 | D:1      | Reached XP level 3. HP: 29/29 MP: 3/3
  1003 | D:1      | Reached ** piety under Trog
  1345 | D:2      | Found a faded altar of an unknown god.
  1627 | D:2      | Gained mutation: You are partially covered in molten
                  | scales. (AC +2) [demonic ancestry]
  1627 | D:2      | Reached XP level 4. HP: 27/35 MP: 4/4
  1776 | D:2      | You fall into a shaft and drop 1 floor!
  2000 | D:3      | Reached XP level 5. HP: 28/42 MP: 5/5
  2142 | D:3      | Reached skill level 4 in Polearms
  3359 | D:3      | Reached *** piety under Trog
  3557 | D:4      | Found Pattumeeck's Self-Improvement Boutique.
  3780 | D:4      | Noticed Dowan
  3821 | D:4      | Found a staircase to the Ecumenical Temple.
  3822 | D:4      | Noticed Duvessa
  3863 | D:4      | Killed Duvessa
  3864 | D:4      | Reached XP level 6. HP: 48/48 MP: 6/6
  4016 | D:4      | Killed Dowan
  4425 | D:4      | Noticed Pargi
  4442 | D:4      | Killed Pargi
  4443 | D:4      | Reached skill level 5 in Polearms
  4443 | D:4      | Gained mutation: You have a pair of antennae on your head.
                  | [demonic ancestry]
  4443 | D:4      | Reached XP level 7. HP: 55/55 MP: 7/7
  4545 | D:4      | Noticed Menkaure
  4557 | D:4      | Killed Menkaure
  4749 | D:5      | Entered Level 5 of the Dungeon
  5240 | D:5      | Found an iron altar of Okawaru.
  5240 | D:5      | Found a radiant altar of Vehumet.
  5301 | D:5      | Found a glowing drain.
  5326 | Sewer    | Entered a sewer
  5838 | D:4      | Reached skill level 5 in Fighting
  5955 | D:5      | Reached XP level 8. HP: 62/62 MP: 8/8
  6402 | D:5      | Reached skill level 6 in Polearms
  7584 | D:6      | Reached skill level 7 in Polearms
  7678 | D:6      | Reached skill level 5 in Dodging
  7753 | D:7      | Found a stormy altar of Qazlal.
  7766 | D:7      | Reached skill level 5 in Armour
  7814 | D:7      | Found Bomuaf's Magic Scroll Emporium.
  7872 | D:7      | Reached XP level 9. HP: 69/69 MP: 9/9
  8317 | D:7      | Found Dalluaq's Antique Armour Shoppe.
  8495 | D:7      | Reached skill level 8 in Polearms
  8722 | D:7      | Found Qaupt's Distillery.
  9781 | D:8      | Found Norr's Distillery.
 10309 | D:7      | Gained mutation: Spells you cast may paralyse adjacent
                  | enemies. [demonic ancestry]
 10309 | D:7      | Reached XP level 10. HP: 79/79 MP: 10/10
 10467 | D:9      | Reached skill level 9 in Polearms
 11176 | D:9      | Noticed a manticore
 11187 | D:9      | Killed a manticore
 11194 | D:9      | Noticed a centaur warrior
 11201 | D:9      | Noticed a boulder beetle
 11201 | D:9      | Noticed a skeletal warrior
 11202 | D:9      | Noticed a four-headed hydra
 11339 | D:9      | Found a staircase to the Orcish Mines.
 11350 | D:9      | Noticed a two-headed ogre
 11356 | D:9      | Killed a two-headed ogre
 11357 | D:9      | Reached skill level 10 in Polearms
 11447 | D:9      | Reached **** piety under Trog
 11603 | D:9      | Noticed a two-headed ogre
 11616 | D:9      | Killed a two-headed ogre
 11823 | D:9      | Gained mutation: You have a pair of large antennae on your
                  | head. (SInv) [demonic ancestry]
 11823 | D:9      | Reached XP level 11. HP: 83/86 MP: 11/11
 11984 | D:9      | Killed a boulder beetle
 12095 | D:9      | Killed a centaur warrior
 12482 | D:9      | Killed a skeletal warrior
 12662 | D:9      | Noticed a two-headed ogre
 12712 | D:9      | Killed a four-headed hydra
 12718 | D:9      | Killed a two-headed ogre
 12719 | D:9      | Reached skill level 11 in Polearms
 13086 | D:10     | Entered Level 10 of the Dungeon
 13261 | D:10     | Noticed a two-headed ogre
 13281 | D:10     | Killed a two-headed ogre
 13285 | D:10     | HP: 4/133 [centaur warrior zombie (8)]
 13847 | D:10     | Found a staircase to the Lair.
 13893 | D:10     | Found a faded altar of an unknown god.
 13893 | D:10     | Found a faded altar of an unknown god.
 13901 | D:10     | Found a basalt altar of Yredelemnul.
 13904 | D:10     | Found a blossoming altar of Fedhas.
 13906 | D:10     | Found a shimmering altar of Xom.
 14082 | D:10     | Paralysed by a spriggan for 6 turns
 14093 | D:10     | Paralysed by a spriggan for 7 turns
 14325 | D:10     | Found a hazy altar of Hepliaklqana.
 14326 | D:10     | Found a faded altar of an unknown god.
 15067 | D:11     | Gained mutation: You are mostly covered in molten scales.
                  | (AC +3) [demonic ancestry]
 15067 | D:11     | Reached XP level 12. HP: 84/87 MP: 12/12
 15126 | D:11     | Noticed a two-headed ogre
 15148 | D:11     | Killed a two-headed ogre
 15149 | D:11     | Reached skill level 1 in Shields
 15429 | D:11     | Reached skill level 12 in Polearms
 15897 | D:11     | Noticed an eight-headed hydra
 15909 | D:11     | Killed an eight-headed hydra
 16239 | D:11     | Noticed a tengu warrior
 16242 | D:11     | Noticed a rakshasa
 16274 | D:11     | Killed a tengu warrior
 16401 | D:11     | Noticed a two-headed ogre
 16416 | D:11     | Killed a two-headed ogre
 16508 | D:11     | Noticed a centaur warrior
 16525 | D:11     | Killed a centaur warrior
 16770 | D:11     | Found a sparkling altar of Nemelex Xobeh.
 16771 | D:11     | Noticed a boulder beetle
 16794 | D:11     | Killed a boulder beetle
 16795 | D:11     | Reached skill level 10 in Fighting
 18503 | D:10     | Killed a rakshasa
 18754 | D:11     | Noticed a boulder beetle
 18777 | D:11     | Killed a boulder beetle
 18849 | D:11     | Noticed a centaur warrior
 18874 | D:11     | Killed a centaur warrior
 19151 | Lair:1   | Entered Level 1 of the Lair of Beasts
 19267 | Lair:1   | Noticed Sonja
 19274 | Lair:1   | Killed Sonja
 19720 | Lair:1   | Reached skill level 13 in Polearms
 19720 | Lair:1   | Reached XP level 13. HP: 96/104 MP: 13/13
 21312 | Lair:2   | Reached skill level 1 in Throwing
 22070 | Lair:2   | HP: 5/104 [poisoned by a cane toad]
 22448 | Lair:2   | Identified the +1 leather armour of Prudence {Harm rN+
                  | Dex+2}
 22458 | Lair:2   | Found a staircase to the Snake Pit.
 22671 | Lair:2   | Found a staircase to the Shoals.
 25020 | Lair:3   | Found a blossoming altar of Fedhas.
 26031 | Lair:4   | HP: 2/105 [cane toad (12)]
 26513 | Lair:4   | Reached skill level 5 in Shields
 26530 | Lair:4   | Found a runed translucent door.
 26530 | Lair:4   | Found a shimmering altar of Xom.
 26530 | Lair:4   | Noticed CInkIbrahim's ghost (journeyman OpAK)
 27282 | Lair:4   | Reached skill level 10 in Dodging
 27788 | Lair:4   | Reached skill level 10 in Armour
 28231 | Lair:5   | Found a bloodstained altar of Trog.
 28378 | Lair:5   | Reached ***** piety under Trog
 28410 | Lair:5   | Reached skill level 14 in Polearms
 28656 | Lair:5   | Found a staircase to the Slime Pits.
 28987 | Lair:5   | Reached XP level 14. HP: 94/113 MP: 14/14
 29162 | Lair:5   | Identified the +1 leather armour of Wonder {rF+ Str+2
                  | Int-5}
 29430 | Lair:6   | Entered Level 6 of the Lair of Beasts
 29467 | Lair:6   | Identified the +7 halberd of Wyolaor {flame, rPois}
 31982 | Lair:6   | Found a runed translucent door.
 31983 | Lair:6   | Noticed Buiveh's ghost (journeyman GrEE)
 33973 | Lair:6   | Killed Buiveh's ghost
 33974 | Lair:6   | Reached skill level 5 in Throwing
 34562 | D:12     | Noticed Gastronok
 34575 | D:12     | Killed Gastronok
 34649 | D:12     | Noticed Kirke
 34686 | D:12     | Killed Kirke
 34895 | D:12     | Found a runed translucent door.
 34915 | D:12     | Noticed Miritol's ghost (journeyman TeMo)
 34943 | D:12     | Received a gift from Trog
 35773 | D:12     | Found a runed translucent door.
 35778 | D:12     | Identified the +4 trident "Suatet" {vorpal, rN+ Int+4
                  | Dex+2}
 36437 | D:12     | Noticed Nergalle
 36463 | D:12     | Killed Nergalle
 36597 | D:13     | Noticed Nessos
 36611 | D:13     | Killed Nessos
 36853 | D:13     | Gained mutation: You are completely covered in molten
                  | scales. (AC +4, rF+) [demonic ancestry]
 36853 | D:13     | Reached XP level 15. HP: 108/121 MP: 15/15
 37047 | D:13     | Found a burning altar of Makhleb.
 37502 | D:13     | Noticed Jorgrun
 37529 | D:13     | Killed Jorgrun
 38139 | D:13     | Found a gate to the Vaults.
 38142 | D:13     | Noticed Rupert
 38176 | D:13     | Killed Rupert
 39547 | D:14     | Found Igoyzyot's Antique Weapon Boutique.
 39611 | D:14     | Found a runed translucent gate.
 39611 | D:14     | Found a runed translucent gate.
 39611 | D:14     | Found a runed translucent gate.
 39902 | D:14     | Noticed hitsuchi's ghost (journeyman DsAK)
 41087 | D:15     | Entered Level 15 of the Dungeon
 41087 | D:15     | Found Jeiso's Changing Room.
 42788 | D:15     | Found a staircase to the Depths.
 43132 | D:15     | Found a gateway to a bazaar.
 43148 | Bazaar   | Entered a bazaar
 43148 | Bazaar   | Found Mywioshro's Antique Weapon Emporium.
 43172 | Bazaar   | Found Qettiw's Assorted Antiques.
 43173 | Bazaar   | Found Roresid's Armour Emporium.
 43192 | Bazaar   | Found Niumequdue's Distillery.
 43195 | Bazaar   | Found Gevaoh's General Store.
 43205 | Bazaar   | Bought a scroll of brand weapon for 220 gold pieces
 43212 | Bazaar   | Bought a potion of invisibility for 96 gold pieces
 43212 | Bazaar   | Bought a potion of curing for 36 gold pieces
 43212 | Bazaar   | Bought a potion of resistance for 120 gold pieces
 43212 | Bazaar   | Bought a potion of might for 48 gold pieces
 43212 | Bazaar   | Bought a potion of flight for 36 gold pieces
 43212 | Bazaar   | Bought a potion of haste for 120 gold pieces
 43233 | Bazaar   | Bought a scroll labelled HIYLOB BAEBINO for 29 gold pieces
 43234 | Bazaar   | Acquired the amulet of Propriety {Acrobat Will+ Stlth+}
 43549 | Orc:1    | Entered Level 1 of the Orcish Mines
 43549 | Orc:1    | Found a shimmering altar of Xom.
 43806 | Orc:1    | Noticed Urug
 43822 | Orc:1    | Killed Urug
 44112 | Orc:1    | Paralysed by an ogre mage for 5 turns
 44249 | Orc:2    | Entered Level 2 of the Orcish Mines
 44853 | Orc:1    | Found a bloodstained altar of Trog.
 45228 | Orc:2    | Found a staircase to the Elven Halls.
 45596 | Orc:2    | Found a radiant altar of Vehumet.
 45621 | Orc:2    | Found Fitizasm's Jewellery Emporium.
 45736 | Orc:2    | Found an ancient bone altar of Kikubaaqudgha.
 45780 | Orc:2    | Found Odiw's Antique Weapon Emporium.
 46049 | Orc:2    | Found Ypuorin's Magic Scroll Shoppe.
 46073 | Orc:2    | Found Siocw's Magic Scroll Shoppe.
 46075 | Orc:2    | Bought a scroll of acquirement for 780 gold pieces
 46075 | Orc:2    | Acquired 773 gold pieces
 46364 | Shoals:1 | Entered Level 1 of the Shoals
 46364 | Shoals:1 | Found Todd's Assorted Antiques.
 46439 | Shoals:1 | Noticed CryoSword's ghost (adept HuSu)
 46447 | Shoals:1 | Found a bloodstained altar of Trog.
 46506 | Shoals:1 | Noticed Louise
 46532 | Shoals:1 | Killed Louise
 47001 | Shoals:1 | Reached XP level 16. HP: 123/124 MP: 16/16
 47241 | Shoals:1 | Found a transporter.
 47245 | Shoals:1 | Found a transporter.
 47280 | Shoals:1 | Noticed a kraken
 49319 | Shoals:2 | Identified Roxanne's Collected Works on Shape Shifting
 49319 | Shoals:2 | Noticed Roxanne
 49416 | Shoals:2 | Noticed Mlioglotl
 49418 | Shoals:2 | Noticed a tentacled starspawn
 49786 | Shoals:2 | Noticed a hellephant
 49820 | Shoals:2 | Killed Mlioglotl
 52623 | Shoals:3 | Killed from afar by a merfolk aquamancer

Illustrated notes

Levels and vault maps discovered:
D:1:      dpeg_arrival_renting, layout_loops_ring, serial_shops,
          nicolae_square_shop
D:2:      layout_basic, shapermc_ecumenical_altar_mp_highgroup,
          minmay_gold_behind_fungi, serial_bayou_pond_a
D:3:      corexii_shack_village, layout_loops_ring
D:4:      layout_basic, minmay_temple_entry_offerings, nicolae_shop_self_help,
          uniq_duvessa, uniq_menkaure, uniq_pargi
D:5:      layout_basic, gammafunk_temple_overflow_statue, gup_sewer_entry_glass,
          patterned_corridor
D:6:      layout_rooms
D:7:      layout_rooms, nicolae_qazlal_general_emergency, serial_shops, shop,
          kennysheep_little_box, nicolae_take_the_stairs, serial_undead,
          serial_undead_f, serial_undead_f, serial_undead_b, serial_undead_a,
          serial_undead_a, serial_undead_e, serial_undead_d, serial_undead_e,
          serial_undead_d, serial_undead_a
D:8:      layout_basic, serial_shops, nicolae_shop_stone,
          ebering_dispersal_statue_hall, mrwooster_statue_mirror
D:9:      minmay_slanted_spiral_squares, layout_loops_corners, orc_0_dummy,
          serial_ice, serial_ice_k, serial_ice_o, serial_ice_e, serial_ice_h
D:10:     layout_cave_pools, beargit_hepliaklqana_dungeon_heroes,
          chequers_temple_overflow_minitemple, lair_entry_dummy,
          amcnicky_mini_rare_corridor_liquid, chequers_hall_statues_corner_a,
          kennysheep_generic_room_15
D:11:     hangedman_cross_cluster, layout_basic
D:12:     layout_basic, hellmonk_ghost_big_iron, minmay_splitting_lines,
          minmay_crystal_box, uniq_nergalle, uniq_kirke, uniq_gastronok
D:13:     layout_roguey, david_vaults_1, chequers_serial_rivers_small_b,
          bloody_makhleb, uniq_jorgrun, uniq_nessos, uniq_rupert
D:14:     layout_grid_maze, serial_bayou_pond_d, serial_shops,
          nicolae_shop_hallway_stairs, gammafunk_ghost_necromancy
D:15:     hangedman_depths_entry_try_elsewhere_first, layout_rooms,
          serial_shops, statue_bzr, abandoned_shop, nicolae_transmutations_shop
Lair:1:   layout_regular_city, serial_bayou_crossing, infiniplex_staircase_pool,
          uniq_sonja
Lair:2:   layout_regular_city, minmay_shoals_entry_beasts,
          minmay_snake_entry_spellcaster, worms_lemuel
Lair:3:   layout_chaotic_city, tgw_fedhas
Lair:4:   layout_small_grid, gauntlet_entry_generic, ebering_ghost_xom
Lair:5:   layout_roguey, minmay_slime_entry_jelly_boxes, basic_altar
Lair:6:   gammafunk_lair_ancient_temple, layout_cave_pods,
          hellmonk_ghost_happy_afterlife, st_stairs_13
Shoals:1: layout_shoals, serial_shops, nicolae_shop_advertising_works
          [nicolae_subvault_shop_adworks], gammafunk_ghost_wrathful_warriors,
          uniq_louise
Shoals:2: layout_shoals, dpeg_stationary_puzzle, uniq_mlioglotl, uniq_roxanne
Shoals:3: layout_shoals, nicolae_shoals_aquamancer_cove
Orc:1:    hellmonk_paralyzer, layout_diamond_mine, hangedman_feature_mirror,
          uniq_urug
Orc:2:    kennysheep_orc_mage_school, layout_diamond_mine

Skill      XL: |  1  2  3  4  5  6  7  8  9 10 11 12 13 14 15 16 |
---------------+-------------------------------------------------+-----
Polearms       | 3 4 5 7 8 10 11 13 14 | 14.0
Armour         | 2 3 4 5 6 7 8 9 10 11 12 | 12.3
Dodging        | 2 3 4 5 6 7 8 9 10 11 12 | 12.4
Fighting       | 4 5 6 7 8 9 10 11 12 13 | 13.6
Shields        | 3 5 7 8 9 |  9.4
Throwing       | 3 5 7 8 |  8.1

Action                   |  1- 3 |  4- 6 |  7- 9 | 10-12 | 13-15 | 16-18 || total
-------------------------+-------+-------+-------+-------+-------+-------++-------
Melee: Spear             |    99 |   219 |   466 |       |       |       ||   784
       Punch             |       |     3 |     3 |     1 |       |       ||     7
       Trident           |       |       |    29 |   745 |  2572 |   447 ||  3793
 Fire: Hunting sling     |       |    27 |    20 |     3 |       |       ||    50
Throw: Stone             |     1 |       |       |     4 |       |       ||     5
       Dart              |       |       |       |     3 |    17 |       ||    20
       Boomerang         |       |       |       |       |    18 |     6 ||    24
Invok: Berserk           |       |     2 |    17 |    14 |    29 |     2 ||    64
       Trog's Hand       |       |     2 |     2 |     4 |    11 |     7 ||    26
       Brothers in Arms  |       |       |       |       |       |     1 ||     1
Evoke: Wand              |       |       |       |     3 |       |       ||     3
  Use: Scroll            |       |     9 |     6 |     8 |    13 |     7 ||    43
       Potion            |       |       |       |     1 |     7 |     1 ||     9
 Stab: Sleeping          |     4 |     1 |       |       |       |       ||     5
       Distracted        |       |       |       |       |       |     1 ||     1
Armor: Animal skin       |    12 |    14 |       |       |       |       ||    26
       Ring mail         |       |    22 |       |       |       |       ||    22
       Chain mail        |       |    23 |    22 |       |       |       ||    45
       Plate armour      |       |       |   293 |   398 |   881 |   143 ||  1715
Dodge: Dodged            |    36 |    95 |   168 |   225 |   683 |   217 ||  1424
Block: Buckler           |       |       |       |    52 |       |       ||    52
       Kite shield       |       |       |       |   145 |   924 |       ||  1069
       Tower shield      |       |       |       |       |     3 |   319 ||   322
